 Dungeon Crawl Stone Soup version 0.31.0-1-g2c135a0 (webtiles) character file.

Game seed: 12253428699359823863

22869 IAmTheZeppo the Severer (level 12, 0/112 HPs)
             Began as a Minotaur Fighter on Feb 26, 2024.
             Was a High Priest of Okawaru.
             Slain by a +2 demon whip of draining (10 damage)
             ... on level 11 of the Dungeon.
             The game lasted 00:30:58 (10232 turns).

IAmTheZeppo the Severer (Minotaur Fighter)         Turns: 10232, Time: 00:30:58

Health: 0/112      AC: 25    Str: 29    XL:     12   Next: 66%
Magic:  0/25       EV: 19    Int:  5    God:    Okawaru [*****.]
Gold:   857        SH:  0    Dex: 16    Spells: 11/11 levels left

rFire   + . .        a - +0 executioner's axe (elec)
rCold   + . .        (shield currently unavailable)
rNeg    + + +        N - +6 chain mail "Qealug" {rN++}
rPois   +            (helmet restricted)
rElec   .            r - scarf {rC+ rF+}
rCorr   +            D - +2 pair of gloves
SInv    .            u - +0 pair of boots
Will    .....        f - amulet of the Fae God {Spirit rC+ rN+ MP+9 Dex+2}
Stlth   +            g - +5 ring of evasion
HPRegen 1.18/turn    G - ring of Nauwoff {rPois rCorr Str+3 Dex+4}
MPRegen 0.19/turn

%: guardian spirit
@: heroic
A: horns 2, retaliatory headbutt, regeneration 1, shaggy fur 1, cold
vulnerability 1
a: Renounce Religion, Heroism, Finesse, Duel


You were on level 11 of the Dungeon.
You worshipped Okawaru.
Okawaru was extremely pleased with you.
You visited 1 branch of the dungeon, and saw 12 of its levels.
You also visited: Sewer.

You collected 1247 gold pieces.
You spent 390 gold pieces at shops.

Inventory:

Hand Weapons
 a - a +0 executioner's axe of electrocution (weapon)
 b - the +8 longbow "Zephyr" {speed, Dex+3 SInv}
   (You took it off a centaur warrior on level 11 of the Dungeon)

   Dex+3:     It affects your dexterity (+3).
   SInv:      It lets you see invisible.
 k - a +1 glaive of flaming
 q - a +2 flail of holy wrath
 J - the +7 long sword of Verdant Fortitude {heavy, *Slow rC+ Str+3}
   (You found it on level 8 of the Dungeon)

   Str+3:     It affects your strength (+3).
   rC+:       It protects you from cold.
   *Slow:     It may slow you when you take damage.
 M - the +11 scimitar of the Heart {freeze, Int+3}
   (You took it off a centaur warrior on level 11 of the Dungeon)

   Int+3:     It affects your intelligence (+3).
Missiles
 i - 3 javelins
 n - 4 datura-tipped darts
 s - 23 poisoned darts (quivered)
 t - 2 curare-tipped darts
 B - 13 boomerangs
 F - 3 silver javelins
Armour
 c - a +0 buckler
 r - a scarf of resistance (worn)
 u - a +0 pair of boots (worn)
 D - a +2 pair of gloves (worn)
 N - the +6 chain mail "Qealug" (worn) {rN++}
   (Okawaru gifted it to you on level 11 of the Dungeon)

   rN++:      It greatly protects you from negative energy.
Jewellery
 f - the amulet of the Fae God (around neck) {Spirit rC+ rN+ MP+9 Dex+2}
   (You found it on level 2 of the Dungeon)

   [amulet of guardian spirit]

   Spirit:    It causes incoming damage to be divided between your reserves of
   health and magic.
   Dex+2:     It affects your dexterity (+2).
   rC+:       It protects you from cold.
   rN+:       It protects you from negative energy.
   MP+9:      It affects your magic capacity (+9).
 g - a +5 ring of evasion (left hand)
 C - a ring of protection from cold
 G - the ring of Nauwoff (right hand) {rPois rCorr Str+3 Dex+4}
   (You found it on level 10 of the Dungeon)

   [ring of poison resistance]

   Str+3:     It affects your strength (+3).
   Dex+4:     It affects your dexterity (+4).
   rPois:     It protects you from poison rCorr: It protects you from acid and
   corrosion.
Talismans
 y - a talisman of death
 z - a blade talisman
Wands
 d - a wand of paralysis (38)
 L - a wand of light (5)
Scrolls
 j - 5 scrolls of blinking
 l - 7 scrolls of identify
 p - 3 scrolls of teleportation
 A - a scroll of revelation
Potions
 e - 2 potions of enlightenment
 h - 4 potions of curing
 m - 2 potions of brilliance
 o - a potion of cancellation
 v - 6 potions of haste
 w - a potion of resistance
 x - a potion of ambrosia
 E - a potion of berserk rage
 H - a potion of heal wounds


   Skills:
 * Level 12.2(17.2) Fighting
 * Level 3.8(8.8) Long Blades
 + Level 16.7(21.7) Axes
 + Level 0.7(5.7) Ranged Weapons
 + Level 1.2(6.2) Throwing
 + Level 10.2(15.2) Armour
 + Level 3.4(8.4) Dodging
 + Level 1.3(6.3) Stealth
 + Level 7.2(12.2) Shields
 + Level 0.1(5.1) Unarmed Combat
 * Level 7.0 Invocations


You had 11 spell levels left.
You didn't know any spells.
Your spell library contained the following spells:

 Spells                   Type           Power      Damage    Failure   Level
 Apportation              Tloc           0%         N/A       83%         1
 Foxfire                  Conj/Fire      0%         2x1d4     83%         1
 Sandblast                Erth           0%         2d4       83%         1
 Ensorcelled Hibernation  Hex/Ice        0%         N/A       92%         2
 Jinxbite                 Hex            0%         N/A       92%         2
 Lesser Beckoning         Tloc           0%         N/A       92%         2
 Dazzling Flash           Conj/Hex       0%         N/A       99%         3
 Inner Flame              Hex/Fire       0%         N/A       99%         3
 Passwall                 Erth           0%         N/A       99%         3
 Stone Arrow              Conj/Erth      0%         3d7       99%         3
 Swiftness                Air            0%         N/A       99%         3
 Volatile Blastmotes      Fire/Tloc      0%         2d10      99%         3
 Anguish                  Hex/Necr       0%         N/A       100%        4
 Brom's Barrelling Bould  Conj/Erth      0%         2d3       100%        4
 Cause Fear               Hex            0%         N/A       100%        4
 Fulminant Prism          Conj/Alch      0%         3d5       100%        4
 Iskenderun's Mystic Bla  Conj/Tloc      0%         2d3       100%        4
 Alistair's Intoxication  Alch           0%         N/A       100%        5
 Irradiate                Conj/Alch      0%         3d11      100%        5
 Dispersal                Tloc           0%         N/A       100%        6
 Enfeeble                 Hex            0%         N/A       100%        7
 Orb of Destruction       Conj           0%         9d5       100%        7
 Ignition                 Fire           0%         3d3       100%        8
 Summon Blazeheart Golem  Fire/Summ      Unusable   N/A       N/A         4
 Spellforged Servitor     Conj/Summ      Unusable   N/A       N/A         7

Dungeon Overview and Level Annotations

Branches:
Dungeon (12/15)            Temple (0/1) D:7            Lair (0/5) D:10
    Orc (0/2) D:11          Sewer (visited)

Altars:
Ashenzari
Cheibriados
Dithmenos
Elyvilon
Makhleb
Nemelex Xobeh
Okawaru
Ru
Sif Muna
Trog
Uskayaw
Vehumet
Wu Jian
Xom
Zin

Shops:
D:1 ?   D:6 =   D:11 !

Annotations:
D:6 1 runed translucent door, jagoly's ghost, novice GrMo
D:11 1 runed translucent door


Innate Abilities, Weirdness & Mutations

You have a pair of horns on your head.
You reflexively headbutt those who attack you in melee.
Your natural rate of healing is unusually fast.
You are covered in fur. (AC +1)
You are vulnerable to cold. (rC-)


Message History

The +1 demon trident of pain hits you but does no damage.
The +2 demon whip of draining hits you!
The +1 demon trident of pain hits you but does no damage.
The +2 demon whip of draining hits you!
You closely miss the +2 demon whip of draining.
The +2 demon whip of draining is heavily damaged.
The +2 demon whip of draining hits you!
The +1 demon trident of pain hits you from afar!!
The +2 demon whip of draining hits you!
* * * LOW HITPOINT WARNING * * *
The +1 demon trident of pain completely misses you.
You feel much better. The +2 demon whip of draining hits you!
The +1 demon trident of pain barely misses you.
The +2 demon whip of draining barely misses you.
The +2 demon whip of draining hits you but does no damage.
The +2 demon whip of draining hits you but does no damage.
The +1 demon trident of pain hits you from afar.
You don't know any spells.
You gain the combat prowess of a mighty hero.
The +2 demon whip of draining misses you.
The +1 demon trident of pain hits you from afar!
The +2 demon whip of draining hits you.
* * * LOW HITPOINT WARNING * * *
You miss the +2 demon whip of draining.
You headbutt the +2 demon whip of draining, but do no damage.
The +2 demon whip of draining is lightly damaged.
The +2 demon whip of draining hits you but does no damage.
The +1 demon trident of pain hits you from afar!
* * * LOW HITPOINT WARNING * * *
The +2 demon whip of draining hits you!!
* * * LOW HITPOINT WARNING * * *
The +1 demon trident of pain barely misses you.
Okay, then.
Blink to where?
Press: ? - help, Dir - move target
As you read the scroll of blinking, it crumbles to dust.
You miss the +2 demon whip of draining.
You headbutt the +2 demon whip of draining, but do no damage.
The +2 demon whip of draining hits you!
You die...

#......
##......
###......
####.#.....
#.'(..⌠..
#.#.###..#.
#(#......
##.## #..#.
#§#...... #.#
#....
#.##..... ##.#
#.##.
#.#########..#
#.##. #.(###.#
#.### #.##.
##.(@..# #.#
####.##.
#####.# #.#
#....... #.#
#.# #.######
#.# #.###.###
#.# #.#.....#
#.#
#.#.#.#.####
#.#
#...........
#.#
#.#.#.#.####
#.# #.#.....#


You could see 2 dancing weapons.

Vanquished Creatures
  A hydra (D:11)
  An ogre mage (D:10)
  6 two-headed ogres
  A boulder beetle (D:11)
  A centaur warrior (D:11)
  Amaemon (D:10)
  Lodul (D:11)
  A deep elf pyromancer (D:11)
  7 ugly things
  3 cyclopes (D:11)
  Joseph (D:7)
  Maggie (D:9)
  An orange demon (D:10)
  A cane toad (shapeshifter) (D:10)
  A komodo dragon (D:11)
  Psyche (D:9)
  A queen bee (shapeshifter) (D:11)
  A hornet (D:8)
  5 trolls
  Grinder (Sewer)
  A shadow (D:10)
  4 yaks (D:9)
  A ynoxinul (D:10)
  A spriggan (shapeshifter) (D:10)
  Sigmund (D:2)
  A wyvern (D:11)
  2 wraiths (D:11)
  A warg (D:11)
  A basilisk (D:11)
  7 vampire mosquitoes
  2 water moccasins
  6 orc warriors
  3 sky beasts
  A swamp drake (shapeshifter) (D:10)
  A black bear (D:5)
  7 ogres
  2 wolves (D:11)
  3 centaurs
  4 kobold brigands
  3 scorpions
  11 wights
  10 killer bees
  13 howler monkeys
  3 jellies
  2 quasits (Sewer)
  10 orc priests
  3 bombardier beetles
  2 gnoll boudas
  5 hounds
  A sleepcap (D:8)
  An iguana (D:6)
  Ijyb (D:3)
  13 orc wizards
  8 gnolls
  4 adders
  3 shadow imps (Sewer)
  A white imp (D:5)
  An ufetubus (Sewer)
  4 ribbon worms
  3 dart slugs
  35 orcs
  10 bats
  10 endoplasms
  4 giant cockroaches
  7 goblins
  4 hobgoblins
  5 jackals
  32 kobolds
  7 quokkas
  10 ball pythons
  2 frilled lizards
  2 giant cockroach zombies (Sewer)
  7 rats
323 creatures vanquished.

Vanquished Creatures (others)
  2 endoplasms (Sewer)
2 creatures vanquished.

Grand Total: 325 creatures vanquished

Notes
Turn   | Place    | Note
-------+----------+-------------------------------------------
     0 | D:1      | IAmTheZeppo the Minotaur Fighter began the quest for the
                  | Orb.
     0 | D:1      | Reached XP level 1. HP: 19/19 MP: 0/0
    48 | D:1      | Reached XP level 2. HP: 27/27 MP: 1/1
    63 | D:1      | Reached skill level 3 in Axes
   242 | D:1      | Reached XP level 3. HP: 29/33 MP: 2/2
   285 | D:1      | Found The Oracle's Delphic Readings.
   289 | D:1      | Bought a scroll of identify for 22 gold pieces
   625 | D:2      | Identified the amulet of the Fae God {Spirit rC+ rN+ MP+9
                  | Dex+2}
   777 | D:2      | Found a hide-covered altar of Uskayaw.
   963 | D:2      | Noticed Sigmund
   977 | D:2      | Killed Sigmund
   978 | D:2      | Reached skill level 5 in Axes
   978 | D:2      | Reached XP level 4. HP: 33/41 MP: 3/3
   978 | D:2      | Reached XP level 5. HP: 38/47 MP: 4/4
  1060 | D:2      | Found a faded altar of an unknown god.
  1064 | D:2      | You fall into a shaft and drop 1 floor!
  1497 | D:1      | Bought a scroll of enchant weapon for 82 gold pieces
  1629 | D:3      | Found a sacrificial altar of Ru.
  2093 | D:3      | Noticed Ijyb
  2094 | D:3      | Paralysed by Ijyb for 5 turns
  2102 | D:3      | Paralysed by Ijyb for 3 turns
  2105 | D:3      | Killed Ijyb
  2106 | D:3      | Reached XP level 6. HP: 50/55 MP: 5/5
  2257 | D:4      | Reached skill level 6 in Axes
  2281 | D:4      | Found a glowing drain.
  2285 | Sewer    | Entered a sewer
  2395 | Sewer    | Reached skill level 5 in Fighting
  2443 | Sewer    | Reached skill level 1 in Dodging
  2451 | Sewer    | Noticed Grinder
  2454 | Sewer    | Found a burning altar of Makhleb.
  2463 | Sewer    | Killed Grinder
  2464 | Sewer    | Reached skill level 7 in Axes
  2464 | Sewer    | Reached skill level 5 in Armour
  2464 | Sewer    | Reached XP level 7. HP: 44/61 MP: 6/6
  2857 | D:4      | Reached skill level 8 in Axes
  2951 | D:4      | Found an iron altar of Okawaru.
  2952 | D:4      | Found a shimmering altar of Xom.
  2953 | D:4      | Found a glowing silver altar of Zin.
  2953 | D:4      | Found a sparkling altar of Nemelex Xobeh.
  2956 | D:4      | Became a worshipper of Warmaster Okawaru
  2970 | D:4      | Found an ornate altar of the Wu Jian Council.
  3646 | D:5      | Entered Level 5 of the Dungeon
  3715 | D:5      | Reached XP level 8. HP: 38/71 MP: 7/7
  3715 | D:5      | Reached * piety under Okawaru
  3717 | D:5      | Reached skill level 1 in Stealth
  3720 | D:5      | Reached skill level 5 in Shields
  4023 | D:5      | Reached skill level 9 in Axes
  4568 | D:6      | Found a runed translucent door.
  4573 | D:6      | Noticed jagoly's ghost (novice GrMo)
  4739 | D:6      | Found a radiant altar of Vehumet.
  4974 | D:6      | Found Teiloid's Jewellery Emporium.
  5032 | D:6      | Found a broken altar of Ashenzari.
  5043 | D:6      | Reached skill level 10 in Axes
  5395 | D:6      | Gained mutation: You are covered in fur. (AC +1) [potion of
                  | mutation]
  5395 | D:6      | Gained mutation: You are vulnerable to cold. (rC-) [potion
                  | of mutation]
  5395 | D:6      | Gained mutation: Your natural rate of healing is unusually
                  | fast. [potion of mutation]
  5438 | D:7      | Reached ** piety under Okawaru
  5439 | D:7      | Reached XP level 9. HP: 77/79 MP: 8/8
  5446 | D:7      | Reached skill level 1 in Invocations
  5487 | D:7      | Noticed Joseph
  5499 | D:7      | Killed Joseph
  5500 | D:7      | Reached skill level 11 in Axes
  5600 | D:7      | Found a staircase to the Ecumenical Temple.
  5847 | D:7      | Found a snail-covered altar of Cheibriados.
  6058 | D:8      | Identified the +7 long sword of Verdant Fortitude {heavy,
                  | *Slow rC+ Str+3}
  6206 | D:8      | Reached *** piety under Okawaru
  6207 | D:8      | Reached skill level 12 in Axes
  6405 | D:8      | Found a white marble altar of Elyvilon.
  6653 | D:9      | Reached XP level 10. HP: 77/90 MP: 11/11
  6707 | D:9      | Noticed Psyche
  6858 | D:9      | Noticed Maggie
  6872 | D:9      | Killed Maggie
  6891 | D:9      | Killed Psyche
  7052 | D:9      | Found a burning altar of Makhleb.
  7134 | D:9      | Reached **** piety under Okawaru
  7362 | D:10     | Entered Level 10 of the Dungeon
  7371 | D:10     | Reached skill level 13 in Axes
  7384 | D:10     | Noticed Amaemon
  7385 | D:10     | Noticed an orange demon
  7403 | D:10     | Killed Amaemon
  7403 | D:10     | Reached ***** piety under Okawaru
  7408 | D:10     | Killed an orange demon
  7533 | D:10     | Found a staircase to the Lair.
  7544 | D:10     | Noticed a two-headed ogre
  7549 | D:10     | a queen bee changed into an entropy weaver
  7549 | D:10     | Noticed an entropy weaver (shapeshifter)
  7551 | D:10     | an entropy weaver changed into a tengu
  7563 | D:10     | Killed a two-headed ogre
  7563 | D:10     | Received a gift from Okawaru
  7569 | D:10     | Noticed a two-headed ogre
  7588 | D:10     | Killed a two-headed ogre
  7589 | D:10     | Reached skill level 14 in Axes
  7589 | D:10     | Reached XP level 11. HP: 20/99 MP: 1/13
  7589 | D:10     | Noticed a brown ugly thing
  7594 | D:10     | Noticed a red ugly thing
  7605 | D:10     | Noticed a cyan ugly thing
  7606 | D:10     | Killed a red ugly thing
  7607 | D:10     | Reached skill level 5 in Invocations
  7612 | D:10     | Noticed a cyan ugly thing
  7735 | D:10     | Noticed a brown ugly thing
  7735 | D:10     | Noticed a cyan ugly thing
  7763 | D:10     | Killed a brown ugly thing
  7773 | D:9      | Killed a brown ugly thing
  7774 | D:9      | Reached skill level 10 in Fighting
  7927 | D:10     | Noticed an ogre mage
  7936 | D:10     | Killed an ogre mage
  7936 | D:10     | Received a gift from Okawaru
  7946 | D:10     | Killed a cyan ugly thing
  7955 | D:10     | Killed a red ugly thing
  7956 | D:10     | Reached skill level 15 in Axes
  7963 | D:10     | Killed a red ugly thing
  7964 | D:10     | Reached skill level 1 in Throwing
  8254 | D:10     | Identified the ring of Nauwoff {rPois rCorr Str+3 Dex+4}
  8531 | D:10     | Found a shadowy altar of Dithmenos.
  8580 | D:10     | Found a bloodstained altar of Trog.
  8614 | D:10     | Found a shimmering blue altar of Sif Muna.
  8626 | D:10     | Got Sif Muna's Almanac of Blasts
  8726 | D:11     | Noticed a two-headed ogre
  8735 | D:11     | Killed a two-headed ogre
  8910 | D:11     | Noticed Lodul
  8949 | D:11     | HP: 1/102 [Lodul/bolt of lightning (28)]
  9094 | D:11     | Received a gift from Okawaru
  9102 | D:11     | Killed Lodul
  9103 | D:11     | Reached XP level 12. HP: 110/110 MP: 15/15
  9114 | D:11     | Noticed a two-headed ogre
  9119 | D:11     | Killed a two-headed ogre
  9133 | D:11     | Reached skill level 16 in Axes
  9189 | D:11     | Noticed an eight-headed hydra
  9190 | D:11     | Identified the +11 scimitar of the Heart {freeze, Int+3}
  9190 | D:11     | Noticed a centaur warrior
  9209 | D:11     | Killed a centaur warrior
  9209 | D:11     | Received a gift from Okawaru
  9363 | D:11     | Found a runed translucent door.
  9447 | D:11     | Noticed a two-headed ogre
  9453 | D:11     | Killed a two-headed ogre
  9491 | D:11     | Found a staircase to the Orcish Mines.
  9497 | D:11     | Reached skill level 1 in Long Blades
  9528 | D:11     | Noticed a two-headed ogre
  9536 | D:11     | Killed a two-headed ogre
  9537 | D:11     | Reached skill level 10 in Armour
  9658 | D:11     | Noticed a boulder beetle
  9681 | D:11     | Killed a boulder beetle
  9777 | D:11     | Killed an eight-headed hydra
  9777 | D:11     | Reached ****** piety under Okawaru
  9818 | D:11     | Acquired a +0 executioner's axe of electrocution
  9818 | D:11     | Received a gift from Okawaru
  9820 | D:11     | Acquired the +6 chain mail "Qealug" {rN++}
  9820 | D:11     | Received a gift from Okawaru
  9862 | D:11     | Found a runed translucent door.
  9862 | D:11     | Identified the +4 falchion of Ru's Envy {vamp, rPois rF-
                  | Int+2}
  9933 | D:11     | Got Qosu's Tractate on the Translocational Rocks
 10042 | D:11     | Found Rusedih's Distillery.
 10045 | D:11     | Bought a potion of ambrosia for 88 gold pieces
 10045 | D:11     | Bought a potion of curing for 33 gold pieces
 10045 | D:11     | Bought a potion of berserk rage for 55 gold pieces
 10045 | D:11     | Bought 2 potions of heal wounds for 110 gold pieces
 10228 | D:11     | HP: 5/112 [+2 demon whip of draining (22)]
 10232 | D:11     | Slain by a +2 demon whip of draining

Illustrated notes

Levels and vault maps discovered:
D:1:      dpeg_arrival_round_b, layout_rooms, nicolae_nh_oracle_at_delphi
D:2:      layout_basic, serial_corexii_hall, corexii_hall_statues_i,
          corexii_hall_statues_t, basic_altar,
          dreamdust_ecumenical_altar_statues, uniq_sigmund
D:3:      layout_loops_ring, nicolae_ru_awakened_eye, uniq_ijyb
D:4:      cheibrodos_quashed, layout_basic, nicolae_wu_jian_glorious_leap,
          mainiacjoe_overflow_alcove_3,
          mainiacjoe_sewer_entry_somewhere_in_here_2
D:5:      layout_basic
D:6:      layout_loops_ring, fiery_altar_vehumet, lemuel_tele_altar,
          ebering_ghost_sewer_d, serial_aquarium, aquarium_bridge_square
          [aquarium_subvault_bridge, aquarium_subvault_wall,
          aquarium_subvault_wall, aquarium_subvault_bridge],
          aquarium_bridge_square [aquarium_subvault_bridge,
          aquarium_subvault_window, aquarium_subvault_wall,
          aquarium_subvault_wall], aquarium_window_fake,
          aquarium_window_corridor_3, aquarium_window_1, aquarium_view_2e,
          aquarium_view_2a, aquarium_pool_side, nicolae_take_the_stairs
D:7:      layout_cave_pools, mainiacjoe_overflow_24_doors, temple_hall,
          uniq_joseph
D:8:      layout_cave_pools, elyvilon_altar_4
D:9:      layout_rooms, mainiacjoe_overflow_surrounded_room, uniq_psyche,
          uniq_maggie
D:10:     regret_index_malice_mire, layout_rooms,
          nzn_overflow_gifts_of_might_and_magic, grunt_dithmenos_shadows,
          uniq_amaemon
D:11:     minmay_the_grid_triangle_9x9_rhombus_full_mashed
          [minmay_the_grid_triangle_9x9_odd_lines,
          minmay_the_grid_triangle_9x9_subtriangle,
          minmay_the_grid_triangle_9x9_thin_v,
          minmay_the_grid_triangle_9x9_alien,
          minmay_the_grid_triangle_9x9_sparse_checkered,
          minmay_the_grid_triangle_9x9_checkered,
          minmay_the_grid_triangle_9x9_shrine,
          minmay_the_grid_triangle_9x9_prize_insulated], layout_loops_ring,
          minmay_orc_entry_guard_dogs, serial_shops, nicolae_shop_behind_doors,
          nicolae_danse_macabre, uniq_lodul
D:12:     layout_gridville, minmay_misc_feat_hallway

Skill      XL: |  1  2  3  4  5  6  7  8  9 10 11 12 |
---------------+-------------------------------------+-----
Shields        | 4 5 6 7 |  7.2
Axes           | 3 5 7 8 10 12 14 15 16 | 16.7
Fighting       | 4 5 6 7 8 9 11 12 | 12.2
Armour         | 4 5 6 7 8 9 10 | 10.2
Dodging        | 1 2 3 |  3.4
Stealth        | 1 |  1.3
Invocations    | 2 4 6 7 |  7.0
Throwing       | 1 |  1.2
Long Blades    | 3 |  3.8
Ranged Weapons | |  0.7
Unarmed Combat | |  0.1

Action                     |  1- 3 |  4- 6 |  7- 9 | 10-12 || total
---------------------------+-------+-------+-------+-------++-------
  Melee: War axe           |    90 |   115 |   268 |   218 ||   691
         Headbutt          |    17 |    19 |    37 |   117 ||   190
         Unarmed           |       |       |       |     3 ||     3
         Broad axe         |       |       |       |   130 ||   130
         Scimitar          |       |       |       |    35 ||    35
         Executioner's axe |       |       |       |    24 ||    24
         Punch             |       |       |       |     1 ||     1
   Fire: Longbow           |       |       |       |     8 ||     8
  Throw: Dart              |       |       |       |    11 ||    11
 Invoke: Heroism           |       |       |     1 |     5 ||     6
         Receive Weapon    |       |       |       |     1 ||     1
         Receive Armour    |       |       |       |     1 ||     1
    Use: Scroll            |     2 |       |    13 |     3 ||    18
         Potion            |       |     1 |    10 |     4 ||    15
 Armour: Scale mail        |    23 |       |       |       ||    23
         Chain mail        |    34 |    74 |   186 |   319 ||   613
         Skin              |       |       |       |     1 ||     1
  Dodge: Dodged            |    50 |    79 |   169 |   259 ||   557
  Block: Buckler           |    16 |    29 |    70 |   102 ||   217
